 Dungeon Crawl Stone Soup version 0.32-a0-921-g04a7ad8e02 (webtiles) character file.

Game seed: 9596475735708308230

18025 Chimkentus the Jinx (level 12, -15/53 HPs)
             Began as a Spriggan Enchanter on Apr 12, 2024.
             Was an Elder of Sif Muna.
             Killed from afar by a ynoxinul (29 damage)
             ... with an iron shot
             ... summoned by an orc sorcerer
             ... led by an orc warlord
             ... on level 1 of the Orcish Mines.
             The game lasted 01:40:44 (13833 turns).

Chimkentus the Jinx (Spriggan Enchanter)           Turns: 13833, Time: 01:40:45

Health: -15/53     AC:  7    Str:  9    XL:     12   Next: 24%
Magic:  27/28      EV: 16    Int: 27    God:    Sif Muna [****..]
Gold:   276        SH:  4    Dex: 15    Spells: 7/34 levels left

rFire   . . .        y - +1 dagger of Eseis {pain, Int+2}
rCold   . . .        l - +0 buckler
rNeg    . . .        F - +0 acid dragon scales
rPois   +            (helmet restricted)
rElec   .            S - +0 cloak
rCorr   +            (gloves unavailable)
SInv    +            (boots unavailable)
Will    ++...        s - amulet of magic regeneration
Stlth   ++++         D - +6 ring of strength
HPRegen 0.28/turn    k - ring of poison resistance
MPRegen 0.61/turn

%: clarity
@: slowed, quick
A: very small, no large weapons, unfitting armour, see invisible, speed 3,
clarity, clever 1
a: Renounce Religion, Channel Magic, Forget Spell, Divine Exegesis


You were on level 1 of the Orcish Mines.
You worshipped Sif Muna.
Sif Muna was greatly pleased with you.
You visited 3 branches of the dungeon, and saw 13 of its levels.
You also visited: Ossuary.

You collected 1895 gold pieces.
You spent 1619 gold pieces at shops.

Inventory:

Hand Weapons
 a - a +2 dagger of electrocution
 e - a +2 falchion
 t - a +0 sling
 y - the +1 dagger of Eseis (weapon) {pain, Int+2}
   (You found it on level 6 of the Dungeon)

   Int+2:     It affects your intelligence (+2).
 R - a +2 dagger of venom
Missiles
 L - a curare-tipped dart
 O - a throwing net
 X - 6 poisoned darts (quivered)
Armour
 l - a +0 buckler (worn)
 F - +0 acid dragon scales (worn)
 I - a +2 robe of willpower
 S - a +0 cloak (worn)
 W - a +0 troll leather armour
Jewellery
 f - a ring of wizardry
 g - a ring of flight
 k - a ring of poison resistance (right hand)
 p - a ring of protection from cold
 s - an amulet of magic regeneration (around neck)
 w - a +4 ring of protection
 x - a ring of ice
 D - a +6 ring of strength (left hand)
 G - an amulet of reflection
 K - a ring of wizardry
 V - an amulet of regeneration
Wands
 u - a wand of polymorph (6)
 Y - a wand of flame (4)
Scrolls
 d - a scroll of enchant weapon
 h - a scroll of blinking
 q - a scroll of summoning
 v - 4 scrolls of revelation {unknown}
 C - a scroll of enchant armour {unknown}
 E - 3 scrolls of teleportation
 H - a scroll of poison
 P - a scroll of immolation {unknown}
 Q - a scroll of torment {unknown}
 U - a scroll of fear {unknown}
 Z - a scroll of vulnerability
Potions
 c - 2 potions of invisibility
 i - 2 potions of heal wounds
 j - 3 potions of lignification
 m - a potion of ambrosia
 n - 2 potions of enlightenment
 o - a potion of cancellation {unknown}
 r - a potion of might {unknown}
 z - 9 potions of curing
 A - a potion of haste {unknown}
 B - a potion of attraction {unknown}
 N - a potion of resistance {unknown}
 T - a potion of brilliance


   Skills:
 + Level 1.5 Fighting
 + Level 5.1 Short Blades
 + Level 1.0 Ranged Weapons
 + Level 0.2 Throwing
 + Level 0.9 Armour
 + Level 5.9 Dodging
 + Level 8.5 Stealth
 + Level 0.8 Shields
 + Level 11.5 Spellcasting
 + Level 1.1 Conjurations
 * Level 14.2 Hexes
 + Level 4.3 Summonings
 * Level 7.8 Translocations
 + Level 3.0 Ice Magic
 * Level 5.7 Invocations
 + Level 2.4 Evocations


You had 7 spell levels left.
You knew the following spells:

 Your Spells              Type           Power      Damage    Failure   Level
a - Ensorcelled Hibernat  Hex/Ice        100%       N/A       1%          2
b - Confusing Touch       Hex            75%        N/A       1%          3
c - Tukima's Dance        Hex            75%        N/A       1%          3
d - Dazzling Flash        Conj/Hex       100%       N/A       1%          3
e - Call Canine Familiar  Summ           38%        N/A       4%          3
f - Maxwell's Portable P  Tloc           55%        2d(10-30) 1%          3
g - Manifold Assault      Tloc           27%        N/A       97%         7
h - Stone Arrow           Conj/Erth      36%        3d9       22%         3

Your spell library contained the following spells:

 Spells                   Type           Power      Damage    Failure   Level
 Apportation              Tloc           100%       N/A       1%          1
 Jinxbite                 Hex            100%       N/A       1%          2
 Sigil of Binding         Hex            75%        N/A       1%          3
 Dimensional Bullseye     Hex/Tloc       33%        N/A       1%          4
 Ozocubu's Armour         Ice            32%        N/A       9%          3
 Sandblast                Erth           30%        2d9       10%         1
 Fugue of the Fallen      Necr           15%        N/A       28%         3
 Brom's Barrelling Bould  Conj/Erth      18%        2d4       58%         4
 Arcjolt                  Conj/Air       9%         1d19      91%         5
 Alistair's Intoxication  Alch           10%        N/A       95%         5
 Conjure Ball Lightning   Conj/Air       9%         3x3d6     100%        6
 Discord                  Hex            37%        N/A       88%         8
 Disjunction              Tloc           27%        N/A       100%        8
 Maxwell's Capacitive Co  Air            7%         ∞         100%        8


Dungeon Overview and Level Annotations

Branches:
Dungeon (11/15)            Temple (1/1) D:7            Lair (0/5) D:8
    Orc (1/2) D:11        Ossuary (visited)

Altars:
Ashenzari
Cheibriados
Dithmenos
Elyvilon
Fedhas
Gozag
Hepliaklqana
Kikubaaqudgha
Makhleb
Nemelex Xobeh
Okawaru
Qazlal
Ru
Sif Muna
Trog
Uskayaw
Vehumet
Wu Jian
Xom
Yredelemnul
Zin
The Shining One

Shops:
D:4 =   D:8 *[*


Innate Abilities, Weirdness & Mutations

You are very small and have problems with some larger weapons.
You are too small for most types of armour.
You have supernaturally acute eyesight. (SInv)
You cover ground extremely quickly. (Speed+++)
You possess an exceptional clarity of mind.
Your mind is acute. (Int +4, Str/Dex -1)


Message History

Unknown command.
You feel sick.
The chaos spawn degenerates into a cloud of primal chaos!
Sonja attacks as she pursues you! Sonja hits you but does no damage.
Sonja completely misses you. Sonja closely misses you. x2
You block Sonja's attack. x2
Casting: Tukima's Dance (safe; 1% risk of failure)
Confirm with . or Enter, or press ? or * to list all spells.
Aiming: Ensorcelled Hibernation (safe; 1% risk of failure)
Press: ? - help, Shift-Dir - straight line, f/p - Sonja
Aim: Sonja, quivering curare-tipped darts (severely wounded, chance to affect: 78%) Sonja looks drowsy...
You feel sick.
Your +1 short sword of distortion hits the troll.
The troll blinks!
Your +1 short sword of distortion hits the orc warrior.
The orc sorcerer gestures wildly while chanting.
The helpless Sonja fails to defend herself.
You perforate Sonja like a sieve!!!
You kill Sonja!
Sif Muna accepts your kill.
You feel less invigorated.
You feel sick.
Your +1 short sword of distortion hits the orc warrior.
Space warps horribly around the orc warrior!
Your +1 short sword of distortion hits the orc warrior!
The orc warrior dies!
Sif Muna accepts your kill.
You can now call upon Sif Muna to cast any spell from your library.
The orc warrior is engulfed in seething chaos.
Your +1 short sword of distortion hits the orc sorcerer.
You feel sick.
You are no longer poisoned.
Your +1 short sword of distortion falls from the air.
The ynoxinul gestures at you. The iron shot hits you!!
* * * LOW HITPOINT WARNING * * *
Unknown command.
The ynoxinul gestures at you. The iron shot hits you!!
Ouch! That really hurt!
You die...

. #........##..##
..##.............###
...................##
.....................#
...#...........#......##
.......#..............#.##
>.........#.[)<>...........##
............†))[.#.#........#
#.##.......)@).....##...#.##
.##..#.....).......##...#...##
...........o....#..........##.
#.......(3.T................
###..#o#............##..##.
##.##[.o)#....#..#...#.#####
#...)...................#
##.....#................##
##..$#.###..............##


You could see a troll, a ynoxinul (summoned), an orc sorcerer, an orc warrior
and an orc.

Vanquished Creatures
  Josephine (D:11)
  A two-headed ogre (D:6)
  Sonja (Orc:1)
  A cyclops (D:11)
  2 manticores (D:11)
  An elephant (D:8)
  An unseen horror (D:7)
  Maggie (D:10)
  2 trolls
  A tarantella (D:11)
  A vampire (D:7)
  16 yaks
  2 wraiths (D:11)
  A wyvern (D:9)
  5 vampire mosquitoes (D:11)
  A steam dragon (D:7)
  2 sky beasts
  5 ice beasts
  3 orc warriors
  2 black bears
  3 ogres
  A centaur (D:8)
  A gnoll sergeant (D:7)
  2 bullfrogs (D:8)
  5 scorpions
  A wight (Ossuary)
  3 killer bees (D:11)
  9 howler monkeys
  An electric eel (D:9)
  2 hounds
  3 jellies
  3 orc priests
  7 bombardier beetles
  A spectral scorpion (Ossuary)
  An iguana (D:6)
  Natasha (thrice) (D:3)
  3 sleepcaps
  5 orc wizards
  A statue (D:6)
  A crocodile zombie (Ossuary)
  An ogre skeleton (Ossuary)
  10 mummies (Ossuary)
  7 gnolls
  5 adders
  2 white imps (D:6)
  4 dart slugs
  A ribbon worm (D:3)
  12 orcs
  5 bats
  8 endoplasms
  5 giant cockroaches
  6 goblins
  3 hobgoblins
  5 jackals
  4 kobolds
  4 quokkas
  6 ball pythons
  3 frilled lizards
  2 gnoll skeletons (Ossuary)
  2 kobold skeletons (Ossuary)
  2 orc skeletons (Ossuary)
  8 rats
  A spectral rat (Ossuary)
212 creatures vanquished.

Vanquished Creatures (collateral kills)
  Erica (D:10)
  A two-headed ogre (D:11)
  Urug (D:11)
  An orc knight (Orc:1)
  2 trolls
  2 wraiths (D:11)
  3 yaks
  A shadow (D:9)
  3 vampire mosquitoes
  A swamp drake (D:11)
  11 orc warriors
  An ogre (Orc:1)
  A centaur (D:7)
  A kobold brigand (D:7)
  3 bullfrogs (D:8)
  3 wights (D:7)
  A killer bee (D:11)
  3 gnoll boudas
  8 orc priests
  11 orc wizards
  2 iguanas
  A nameless horror (D:11)
  20 gnolls
  45 orcs
  3 kobolds (D:7)
  A gnoll skeleton (Ossuary)
  9 spectral rats (Ossuary)
140 creatures vanquished.

Vanquished Creatures (others)
  11 dancing weapons
  An orc (D:5)
12 creatures vanquished.

Grand Total: 364 creatures vanquished

Notes
Turn   | Place    | Note
-------+----------+-------------------------------------------
     0 | D:1      | Chimkentus the Spriggan Enchanter began the quest for the
                  | Orb.
     0 | D:1      | Reached XP level 1. HP: 9/9 MP: 5/5
    52 | D:1      | Reached skill level 4 in Hexes
   161 | D:1      | Reached XP level 2. HP: 9/13 MP: 6/6
   164 | D:1      | Learned a level 2 spell: Ensorcelled Hibernation
   336 | D:1      | Found a faded altar of an unknown god.
   755 | D:1      | Reached XP level 3. HP: 16/16 MP: 8/8
   759 | D:1      | Learned a level 3 spell: Confusing Touch
  1139 | D:2      | Found a glowing silver altar of Zin.
  1264 | D:2      | Reached skill level 5 in Hexes
  1355 | D:2      | Reached XP level 4. HP: 16/21 MP: 9/9
  1672 | D:2      | Learned a level 3 spell: Tukima's Dance
  1688 | D:3      | Reached skill level 1 in Ice Magic
  1828 | D:3      | Noticed Natasha
  2654 | D:3      | Killed Natasha
  2695 | D:3      | Reached XP level 5. HP: 24/24 MP: 5/11
  2873 | D:3      | Noticed Natasha
  2991 | D:3      | Killed Natasha
  3140 | D:3      | Noticed Natasha
  3148 | D:3      | Killed Natasha
  3387 | D:4      | Identified a scroll of acquirement
  3389 | D:4      | Acquired 1211 gold pieces
  3431 | D:4      | Learned a level 3 spell: Dazzling Flash
  3512 | D:4      | Reached skill level 6 in Hexes
  3512 | D:4      | Reached XP level 6. HP: 23/29 MP: 13/13
  3632 | D:4      | Found an ancient bone altar of Kikubaaqudgha.
  3780 | D:4      | Found Keulat's Jewellery Boutique.
  3794 | D:4      | Bought a ring of wizardry for 360 gold pieces
  3794 | D:4      | Bought a ring of flight for 210 gold pieces
  3794 | D:4      | Bought a ring of protection from cold for 300 gold pieces
  3795 | D:4      | Bought a +4 ring of protection for 432 gold pieces
  3903 | D:4      | You fall into a shaft and drop 2 floors!
  3911 | D:6      | Found a sand-covered staircase.
  3931 | Ossuary  | Entered an ossuary
  3957 | Ossuary  | Learned a level 3 spell: Call Canine Familiar
  4227 | Ossuary  | Reached skill level 5 in Stealth
  4304 | Ossuary  | Reached XP level 7. HP: 32/32 MP: 15/15
  4798 | Ossuary  | Reached skill level 5 in Spellcasting
  4806 | Ossuary  | Reached skill level 7 in Hexes
  4868 | Ossuary  | Gained mutation: You possess an exceptional clarity of
                  | mind. [potion of mutation]
  4868 | Ossuary  | Gained mutation: Your mind is acute. (Int +4, Str/Dex -1)
                  | [potion of mutation]
  5239 | D:6      | Reached skill level 1 in Summonings
  5330 | D:6      | Identified the +1 dagger of Eseis {pain, Int+2}
  5641 | D:6      | Found a radiant altar of Vehumet.
  6174 | D:6      | Reached XP level 8. HP: 35/37 MP: 13/17
  6340 | D:6      | Reached skill level 1 in Fighting
  6346 | D:6      | Noticed a two-headed ogre
  6404 | D:6      | Reached skill level 1 in Ranged Weapons
  6404 | D:6      | Reached skill level 8 in Hexes
  6502 | D:6      | Killed a two-headed ogre
  6503 | D:6      | Reached skill level 9 in Hexes
  6503 | D:6      | Reached XP level 9. HP: 41/41 MP: 9/20
  6742 | D:5      | Entered Level 5 of the Dungeon
  6853 | D:5      | Reached skill level 10 in Hexes
  7936 | D:7      | Noticed an unseen horror
  7949 | D:7      | Killed an unseen horror
  7950 | D:7      | Reached skill level 1 in Conjurations
  7951 | D:7      | Found a burning altar of Makhleb.
  7971 | D:7      | Reached skill level 11 in Hexes
  8030 | D:7      | Found a staircase to the Ecumenical Temple.
  8041 | Temple   | Entered the Ecumenical Temple
  8049 | Temple   | Became a worshipper of Sif Muna the Loreminder
  8226 | D:7      | Reached XP level 10. HP: 32/45 MP: 20/23
  8409 | D:7      | Learned a level 3 spell: Maxwell's Portable Piledriver
  8417 | D:7      | Learned a level 7 spell: Manifold Assault
  8756 | D:7      | Found a bloodstained altar of Trog.
  9135 | D:8      | Found Wigekk's Assorted Antiques.
  9141 | D:8      | Bought a scroll labelled YKURHA LEASA for 31 gold pieces
  9141 | D:8      | Bought a scroll labelled XACIVO SAPTA for 31 gold pieces
  9141 | D:8      | Bought a scroll of teleportation for 93 gold pieces
  9218 | D:8      | Reached skill level 1 in Invocations
  9289 | D:8      | Reached * piety under Sif Muna
  9319 | D:8      | Reached skill level 5 in Dodging
  9319 | D:8      | Reached skill level 1 in Translocations
  9376 | D:8      | Found a staircase to the Lair.
  9376 | D:8      | Noticed an elephant
  9420 | D:8      | Killed an elephant
  9749 | D:8      | Found Lourer's Antique Armour Emporium.
  9752 | D:8      | Bought a cloak for 162 gold pieces
  9811 | D:8      | Found Ofro's Assorted Antiques.
  9933 | D:8      | Found a broken altar of Ashenzari.
 10200 | D:9      | Reached skill level 12 in Hexes
 10387 | D:9      | Found a glowing silver altar of Zin.
 10985 | D:10     | Entered Level 10 of the Dungeon
 11003 | D:10     | Reached ** piety under Sif Muna
 11017 | D:10     | Reached XP level 11. HP: 24/49 MP: 6/25
 11387 | D:10     | Noticed Maggie
 11530 | D:10     | Reached skill level 5 in Translocations
 11725 | D:10     | Killed Maggie
 11900 | D:10     | Noticed Erica
 11910 | D:10     | Killed Erica
 11911 | D:10     | Reached skill level 10 in Spellcasting
 12066 | D:10     | Reached skill level 5 in Short Blades
 12201 | D:11     | Noticed Urug
 12218 | D:11     | Killed Urug
 12219 | D:11     | Reached skill level 13 in Hexes
 12261 | D:11     | Noticed a two-headed ogre
 12538 | D:11     | Killed a two-headed ogre
 12539 | D:11     | Reached skill level 5 in Invocations
 12658 | D:11     | Noticed Snorg
 12684 | D:11     | Snorg changed into Snorg the tarantella
 12684 | D:11     | Noticed Snorg
 12687 | D:11     | Killed Snorg the tarantella
 13137 | D:11     | Noticed Josephine
 13161 | D:11     | Killed Josephine
 13360 | D:11     | Reached XP level 12. HP: 50/53 MP: 17/27
 13361 | D:11     | Reached *** piety under Sif Muna
 13556 | D:11     | Found a staircase to the Orcish Mines.
 13598 | D:11     | Learned a level 3 spell: Stone Arrow
 13600 | Orc:1    | Entered Level 1 of the Orcish Mines
 13624 | Orc:1    | Reached skill level 14 in Hexes
 13807 | Orc:1    | Noticed Sonja
 13825 | Orc:1    | Reached **** piety under Sif Muna
 13831 | Orc:1    | Killed Sonja
 13833 | Orc:1    | Killed from afar by a ynoxinul

Illustrated notes

Levels and vault maps discovered:
D:1:      ncdulo_watergridlock, layout_basic, basic_ecumenical_altar
D:2:      layout_rooms, basic_altar, kennysheep_generic_room_8
D:3:      layout_basic, minmay_misc_feat_diagonals, uniq_natasha
D:4:      layout_basic, old_standard_altar, serial_shops, shop,
          amethyst_killhole, chequers_mini_garden, grunt_ministairs_3
D:5:      layout_loops_cross, nicolae_twisty_statue_hallways
D:6:      minmay_chambers_of_threes, layout_basic, vehumet_statue,
          nicolae_ossuary_entry_false_entrances
D:7:      layout_loops_ring, mainiacjoe_overflow_boulevard,
          lightli_temple_of_fire, minmay_temple_entry_statues_fountains,
          minmay_door_square
D:8:      layout_loops_ring, nicolae_ashenzari_skybound,
          grunt_lair_entry_orc_guard_hut, serial_shops, shop,
          nicolae_shop_real_fake_doors, shop, ebering_dispersal_statue_hall
D:9:      layout_long_grid, zin_statuary, minmay_crystal_water
D:10:     layout_cave_pods, minmay_liquid_box, uniq_maggie, uniq_erica
D:11:     layout_roguey, erik_orc_1, grunt_ministairs_8,
          nicolae_figureground_pulse, uniq_snorg, uniq_josephine, uniq_urug
Temple:   lightli_temple_of_artemis
Orc:1:    layout_caves, basic_altar, uniq_sonja, uniq_maurice

Skill      XL: |  1  2  3  4  5  6  7  8  9 10 11 12 |
---------------+-------------------------------------+-----
Hexes          | 4 5 6 7 9 11 12 13 14 | 14.2
Dodging        | 3 4 5 |  5.9
Spellcasting   | 3 4 5 6 8 9 10 11 | 11.5
Ice Magic      | 1 2 3 |  3.0
Short Blades   | 2 3 4 5 |  5.1
Stealth        | 5 6 7 8 |  8.5
Summonings     | 2 3 4 |  4.3
Fighting       | 1 |  1.5
Ranged Weapons | 1 |  1.0
Conjurations   | 1 |  1.1
Invocations    | 3 5 |  5.7
Translocations | 4 7 |  7.8
Evocations     | 2 |  2.4
Throwing       | |  0.2
Armour         | |  0.9
Shields        | |  0.8

Action                     |  1- 3 |  4- 6 |  7- 9 | 10-12 || total
---------------------------+-------+-------+-------+-------++-------
  Melee: Dagger            |    77 |   166 |   209 |   213 ||   665
   Fire: Sling             |       |    10 |     4 |       ||    14
  Throw: Stone             |     3 |       |       |       ||     3
         Dart              |       |       |       |     4 ||     4
         Throwing net      |       |       |       |     1 ||     1
   Cast: Ensorcelled Hiber |    20 |    42 |    23 |    54 ||   139
         Tukima's Dance    |       |     7 |    35 |    82 ||   124
         Confusing Touch   |       |    13 |    13 |    11 ||    37
         Dazzling Flash    |       |       |    27 |    37 ||    64
         Call Canine Famil |       |       |    11 |    55 ||    66
         Maxwell's Portabl |       |       |       |     5 ||     5
         Stone Arrow       |       |       |       |     1 ||     1
 Invoke: Channel Magic     |       |       |       |     3 ||     3
  Evoke: Wand              |       |       |       |    27 ||    27
    Use: Scroll            |       |    10 |     5 |     3 ||    18
         Potion            |       |       |     5 |     3 ||     8
   Stab: Sleeping          |    19 |    33 |    36 |    39 ||   127
         Confused          |       |    10 |     7 |     5 ||    22
         Invisible         |       |       |    11 |     7 ||    18
         Distracted        |       |       |     1 |     2 ||     3
         Paralysed         |       |       |       |     4 ||     4
 Armour: Robe              |    16 |    38 |    55 |    47 ||   156
         Acid dragon scale |       |       |       |    46 ||    46
  Dodge: Dodged            |    45 |    65 |    75 |   169 ||   354
  Block: Buckler           |       |    16 |    16 |    48 ||    80

Table legend: (Time is in decaauts)
 A = Elapsed time spent in this place.
 B = Non-inter-level travel time spent in this place.
 C = Inter-level travel time spent in this place.
 D = Time resting spent in this place.
 E = Time spent auto-exploring this place.
 F = Levels seen in this place.
 G = Mean time per level.
                   A        B        C        D        E       F      G
               +--------+--------+--------+--------+--------+-----+--------+
         Total |  10177 |   9799 |    378 |    766 |   6119 |  14 |  726.9 |
       Dungeon |   8979 |   8611 |    368 |    442 |   5869 |  11 |  816.3 |
        Temple |     11 |      3 |      8 |      0 |      0 |   1 |   11.0 |
  Orcish Mines |    201 |    199 |      2 |      0 |    134 |   1 |  201.0 |
       Ossuary |    985 |    985 |      0 |    324 |    115 |   1 |  985.0 |
               +--------+--------+--------+--------+--------+-----+--------+

Top non-repeatable levels by time:
     D:6: 1198 daAuts
     D:3: 1158 daAuts
    D:11: 1055 daAuts
 Ossuary: 985 daAuts
     D:8: 779 daAuts
    D:10: 772 daAuts
     D:9: 772 daAuts
     D:7: 748 daAuts
     D:1: 733 daAuts
     D:4: 608 daAuts
     D:5: 596 daAuts
     D:2: 554 daAuts
   Orc:1: 201 daAuts
  Temple: 11 daAuts
